 Dungeon Crawl Stone Soup version 0.23-b1-6-ga921848b48 (webtiles) character file.

Game seed: 9701209141451166913

2344 Revguard the Blocker (level 9, -1/69 HPs)
             Began as a Formicid Fighter on Feb 2, 2019.
             Slain by a hog (2 damage)
             ... on level 8 of the Dungeon.
             The game lasted 00:25:52 (5339 turns).

Revguard the Blocker (Formicid Fighter)             Turns: 5339, Time: 00:25:53

Health: -1/69      AC: 14    Str: 27    XL:     9   Next: 70%
Magic:  9/9        EV:  9    Int:  9    God:
Gold:   281        SH: 13    Dex: 13    Spells: 8/8 levels left

rFire    . . .     SeeInvis +   b - +0 triple sword (slice)
rCold    . . .     Gourm    .   c - +1 shield
rNeg     . . .     Faith    .   v - +0 chain mail
rPois    .         Spirit   .   (helmet unavailable)
rElec    .         Reflect  .   q - +0 cloak
rCorr    .         Harm     .   j - +0 pair of gloves
MR       .....     Clarity  +   B - +0 pair of boots of Jaxennil {Str+2}
Stlth    ..........             (no amulet)
HPRegen  0.21/turn              h - ring of see invisible
MPRegen  0.11/turn              (no ring)

@: mighty
A: permanent stasis, dig shafts and tunnels, four strong arms, antennae 3,
clarity, mutation resistance 1
a: Dig, Shaft Self


You were on level 8 of the Dungeon.
You were hungry.

You visited 1 branch of the dungeon, and saw 6 of its levels.

You collected 281 gold pieces.

Inventory:

Hand Weapons
 b - a +0 triple sword of slicing (weapon)
 z - a +2 whip of flaming
Missiles
 k - 74 bolts
Armour
 c - a +1 shield (worn)
 j - a +0 pair of gloves (worn)
 q - a +0 cloak (worn)
 v - a +0 chain mail (worn)
 B - the +0 pair of boots of Jaxennil (worn) {Str+2}
   (You found it on level 8 of the Dungeon)

   It affects your strength (+2).
Jewellery
 h - a ring of see invisible (left hand)
Wands
 i - a wand of polymorph (8)
 u - a wand of paralysis (4)
Scrolls
 a - a scroll of fear
 e - a scroll of identify
 g - 4 scrolls of remove curse
 m - 6 scrolls of teleportation
 s - 3 scrolls of fog
 w - a scroll of immolation
Potions
 o - a potion of haste
 r - a potion of agility
 A - 2 potions of brilliance
Comestibles
 f - 8 rations


   Skills:
 + Level 5.7 Fighting
 * Level 4.4 Long Blades
 - Level 6.4 Maces & Flails
 + Level 6.2 Armour
 + Level 2.0 Dodging
 + Level 8.6 Shields


You had 8 spell levels left.
You didn't know any spells.
Your spell library contained the following spells:

 Spells                   Type           Power        Failure   Level  Hunger
 Confusing Touch          Hex            #.....       93%         1    ##.....
 Confuse                  Hex            #.......     100%        3    ####...
 Gell's Gravitas          Tloc           #.........   100%        3    ####...
 Petrify                  Tmut/Erth      #.......     100%        4    #####..
 Metabolic Englaciation   Hex/Ice        #.........   100%        5    ######.
 Yara's Violent Unravell  Hex/Tmut       #.........   100%        5    ######.


Dungeon Overview and Level Annotations

Branches:
Dungeon (5/15)
 Temple: D:4-7

Altars:
Gozag
Kikubaaqudgha
Ru
Uskayaw
Vehumet
Wu Jian


Innate Abilities, Weirdness & Mutations

You cannot be hasted, slowed, berserked, paralysed or teleported.
You can dig through walls and to a lower floor.
Your four strong arms can wield two-handed weapons with a shield.
You have a pair of large antennae on your head. (SInv)
You possess an exceptional clarity of mind.
You are somewhat resistant to further mutation.


Message History

The hog bites you but does no damage. You block the hog's attack.
The hog bites you but does no damage. The hog barely misses you.
You riposte.
You closely miss the hog. You hit the hog.
The hog is severely wounded.
You block the hog's attack. The hog bites you.
* * * LOW HITPOINT WARNING * * *
The hog bites you but does no damage. The hog bites you!
* * * LOW HITPOINT WARNING * * *
The hog barely misses you. The hog bites you.
* * * LOW HITPOINT WARNING * * *
You feel very mighty all of a sudden. The hog bites you but does no damage.
You block the hog's attack. The hog bites you but does no damage.
You block the hog's attack.
You slash the hog!
You kill the hog!
The hog bites you.
* * * LOW HITPOINT WARNING * * *
You block the hog's attack. The hog bites you.
You die...

####### #..#%%#
#..#.%# #. #..'..#
# ##.. #..#..# #
###.....#..#..#
####.(. #.#####h##
..##.# #....h@†#
.....# ##.....##
#....# #...###
#..#.#######...#
...<...........##
##.#............#
.....##...##..#.#
.###.#..#.#...#.##
.# #...##.....#...


You could see 2 hogs.

Vanquished Creatures
  A hippogriff (D:8)
  A human (D:8)
  2 hogs (D:8)
  A hungry ghost (D:8)
  An orc warrior (D:8)
  2 phantoms
  2 big kobolds (D:8)
  3 bullfrogs (D:8)
  6 wights (D:8)
  2 howler monkeys (D:4)
  A crimson imp (D:8)
  A bullfrog zombie (D:4)
  3 hounds
  4 orc priests
  An iguana (D:8)
  2 orc wizards
  3 worker ants (D:4)
  A hound skeleton (D:8)
  A hound zombie (D:8)
  Robin (D:3)
  8 adders
  A shadow imp (D:8)
  2 adder skeletons (D:4)
  2 worms
  2 dart slugs
  2 leopard geckos (D:4)
  5 orcs
  A ball python (D:1)
  8 bats
  7 giant cockroaches
  10 goblins
  11 hobgoblins
  9 jackals
  15 kobolds
  A quokka (D:4)
  6 frilled lizards
  5 rats
134 creatures vanquished.

Vanquished Creatures (others)
  An orc wizard (D:8)
1 creature vanquished.

Grand Total: 135 creatures vanquished

Notes
Turn   | Place    | Note
-------+----------+-------------------------------------------
     0 | D:1      | Revguard the Formicid Fighter began the quest for the Orb.
     0 | D:1      | Reached XP level 1. HP: 18/18 MP: 1/1
   141 | D:1      | Reached XP level 2. HP: 20/24 MP: 2/2
   369 | D:1      | Reached skill level 4 in Shields
   435 | D:1      | Reached XP level 3. HP: 23/29 MP: 3/3
  1033 | D:2      | Found a sacrificial altar of Ru.
  1040 | D:2      | Became a worshipper of Ru the Awakened
  1143 | D:2      | Reached XP level 4. HP: 37/37 MP: 4/4
  1710 | D:3      | Found an opulent altar of Gozag.
  1875 | D:3      | Found a faded altar of an unknown god.
  1882 | D:3      | Fell from the grace of Ru
  1884 | D:3      | Became a worshipper of Vehumet
  1884 | D:3      | Reached * piety under Vehumet
  1884 | D:3      | Offered knowledge of Freeze by Vehumet.
  1886 | D:3      | Fell from the grace of Vehumet
  2191 | D:3      | Reached XP level 5. HP: 19/42 MP: 5/5
  2194 | D:3      | Reached skill level 1 in Dodging
  2520 | D:3      | Noticed Robin
  2554 | D:3      | Killed Robin
  2554 | D:3      | Reached skill level 5 in Shields
  2762 | D:3      | Reached XP level 6. HP: 21/48 MP: 6/6
  3082 | D:4      | Noticed a phantom
  3181 | D:4      | Killed a phantom
  3181 | D:4      | Reached XP level 7. HP: 30/54 MP: 7/7
  3212 | D:4      | Noticed a +0 hand axe
  3213 | D:4      | Found a hide-covered altar of Uskayaw.
  3213 | D:4      | Noticed a +0 hand axe
  3625 | D:4      | Gained mutation: You possess an exceptional clarity of
                  | mind. [potion of mutation]
  3625 | D:4      | Gained mutation: You are somewhat resistant to further
                  | mutation. [potion of mutation]
  3630 | D:4      | Reached skill level 6 in Shields
  3900 | D:4      | Found an ornate altar of the Wu Jian Council.
  3900 | D:4      | Found an ancient bone altar of Kikubaaqudgha.
  3949 | D:4      | Reached skill level 5 in Maces & Flails
  3967 | D:4      | Found a hide-covered altar of Uskayaw.
  4159 | D:5      | Entered Level 5 of the Dungeon
  4283 | D:5      | Reached XP level 8. HP: 61/61 MP: 8/8
  4309 | D:5      | You fall through a shaft for 3 floors!
  4350 | D:8      | Reached skill level 5 in Armour
  4384 | D:8      | Reached skill level 7 in Shields
  4531 | D:8      | Got a pair of warped boots
  4542 | D:8      | Identified the cursed +0 pair of boots of Jaxennil {Str+2}
                  | (You found it on level 8 of the Dungeon)
  4605 | D:8      | Noticed a hippogriff
  4628 | D:8      | Reached skill level 5 in Fighting
  4641 | D:8      | Killed a hippogriff
  4641 | D:8      | Reached XP level 9. HP: 27/68 MP: 9/9
  4725 | D:8      | Reached skill level 8 in Shields
  4749 | D:8      | Reached skill level 1 in Long Blades
  5337 | D:8      | HP: 3/69 [hog (6)]
  5339 | D:8      | HP: 1/69 [hog (3)]
  5339 | D:8      | Slain by a hog

Skill      XL: |  1  2  3  4  5  6  7  8  9 |
---------------+----------------------------+-----
Shields        | 4 5 6 7 8 |  8.6
Maces & Flails | 3 4 5 6 |  6.4
Dodging        | 1 2 |  2.0
Fighting       | 4 5 |  5.7
Armour         | 4 5 6 |  6.2
Long Blades    | 4 |  4.4

Action                   |  1- 3 |  4- 6 |  7- 9 || total
-------------------------+-------+-------+-------++-------
Melee: Flail             |   135 |   237 |   229 ||   601
       Whip              |       |       |    40 ||    40
       Triple sword      |       |       |   133 ||   133
Invok: Renounce Religion |       |     2 |       ||     2
 Abil: Dig               |       |       |     3 ||     3
  Use: Scroll            |     3 |       |    10 ||    13
       Potion            |       |     4 |     3 ||     7
  Eat: Chunk             |       |     7 |     6 ||    13
       Ration            |       |       |     4 ||     4
Armor: Scale mail        |   109 |    22 |       ||   131
       Chain mail        |       |   114 |   242 ||   356
       Skin              |       |    10 |       ||    10
Dodge: Dodged            |    64 |    89 |   136 ||   289
Block: Shield            |   107 |   174 |   327 ||   608
       Rpst.: Triple sword |       |       |    25 ||    25
